 Dungeon Crawl Stone Soup version 0.28.0-47-ge53b351184 (webtiles) character file.

Game seed: 1227091733766213184

88 Eitelfritz the Sneak (level 4, -1/27 HPs)
             Began as a Kobold Brigand on May 4, 2022.
             Slain by an orc priest
             ... wielding a +0 flail
              (3 damage)
             ... on level 3 of the Dungeon.
             The game lasted 00:03:43 (2122 turns).

Eitelfritz the Sneak (Kobold Brigand)               Turns: 2122, Time: 00:03:43

Health: -1/27      AC:  4    Str:  8    XL:     4   Next: 82%
Magic:  4/4        EV: 14    Int: 12    God:
Gold:   82         SH:  0    Dex: 18    Spells: 3/3 levels left

rFire   . . .      SeeInvis .   b - +1 short sword (vamp)
rCold   . . .      Faith    .   (no shield)
rNeg    . . .      Spirit   .   h - +0 robe
rPois   .          Reflect  .   l - +0 helmet
rElec   .          Harm     .   c - +0 cloak
rCorr   .          Rampage  .   (no gloves)
Will    .....                   (no boots)
Stlth   +++++.....              (no amulet)
HPRegen 0.09/turn               (no ring)
MPRegen 0.09/turn               (no ring)

@: no status effects
A: small, no large weapons, nightstalker 3
a: no special abilities


You were on level 3 of the Dungeon.
You visited 1 branch of the dungeon, and saw 3 of its levels.

You collected 82 gold pieces.

Inventory:

Hand Weapons
 a - a +2 dagger
 b - a +1 vampiric short sword (weapon)
Missiles
 d - 8 poisoned darts (quivered)
 e - 2 curare-tipped darts
 n - 46 stones
Armour
 c - a +0 cloak (worn)
 h - a +0 robe (worn)
 l - a +0 helmet (worn)
Scrolls
 f - a scroll of fog {unknown}
 i - 2 scrolls of blinking {unknown}
 j - 2 scrolls of identify {unknown}
 m - 2 scrolls of teleportation {unknown}
Potions
 g - a potion of ambrosia {unknown}
 k - a potion of flight {unknown}


   Skills:
 + Level 2.3 Fighting
 + Level 3.7 Short Blades
 + Level 2.5 Throwing
 + Level 1.6 Dodging
 + Level 7.0 Stealth


You had 3 spell levels left.
You didn't know any spells.
Your spell library contained the following spells:

 Spells                   Type           Power      Damage    Failure   Level
 Sandblast                Erth           0%         2d4       32%         1
 Passwall                 Tmut/Erth      0%         N/A       45%         2
 Stone Arrow              Conj/Erth      0%         3d7       69%         3


Dungeon Overview and Level Annotations

Branches:
Dungeon (3/15)

Altars:


Innate Abilities, Weirdness & Mutations

You are small and have problems with some larger weapons.
You are completely attuned to the shadows.


Message History

You barely miss the orc priest.
The orc priest is lightly wounded.
The orc priest misses you. The orc hits you but does no damage.
You hit the orc priest.
The orc priest is moderately wounded.
The orc priest completely misses you.
You hit the orc.
The orc is moderately wounded.
The orc hits you but does no damage.
The orc priest hits you but does no damage.
The orc priest hits you with a +0 dagger.
You hit the orc.
You feel better.
You kill the orc!
The orc priest barely misses you.
You closely miss the orc priest.
The orc priest is moderately wounded.
The orc priest hits you with a +0 dagger.
The orc priest hits you with a +0 flail.
You hit the orc priest.
You feel better.
The orc priest is heavily wounded.
The orc priest closely misses you. The orc priest barely misses you.
You barely miss the orc priest.
The orc priest is heavily wounded.
The orc priest hits you but does no damage.
The orc priest calls down the wrath of Beogh upon you.
Beogh smites you!
* * * LOW HITPOINT WARNING * * *
Unknown command.
You hit the orc priest.
You feel better.
The orc priest is severely wounded.
The orc priest barely misses you.
The orc priest calls down the wrath of Beogh upon you.
Pain shoots through your body!
* * * LOW HITPOINT WARNING * * *
Unknown command.
You barely miss the orc priest.
The orc priest is severely wounded.
The orc priest misses you.
The orc priest hits you with a +0 flail.
You die...

#.................# #.#
#.................#######.##
##..........................
#.......................>..
#..........................
#..........................
#..........................
#.........)................
#.........@o...............
........o)... #####.##
........... #.....
########## #.#..# #.#.##
#...#. #...#. ##..#. #..#.


You could see 2 orc priests.

Vanquished Creatures
  4 adders (D:2)
  A worm (D:3)
  2 dart slugs (D:2)
  An orc (D:3)
  8 ball pythons
  7 endoplasms
  3 goblins
  A hobgoblin (D:1)
  6 kobolds
  6 bats
  7 frilled lizards
  3 rats
49 creatures vanquished.

Vanquished Creatures (others)
  5 plants (D:2)
5 creatures vanquished.

Grand Total: 54 creatures vanquished

Notes
Turn   | Place    | Note
-------+----------+-------------------------------------------
     0 | D:1      | Eitelfritz the Kobold Brigand began the quest for the Orb.
     0 | D:1      | Reached XP level 1. HP: 12/12 MP: 1/1
   222 | D:1      | Reached XP level 2. HP: 17/17 MP: 2/2
   339 | D:1      | Reached skill level 6 in Stealth
   973 | D:2      | Reached XP level 3. HP: 21/21 MP: 3/3
  1116 | D:2      | Reached XP level 4. HP: 19/26 MP: 4/4
  1258 | D:2      | HP: 1/39 [poisoned by an adder]
  1887 | D:3      | Found a faded altar of an unknown god.
  2058 | D:3      | Reached skill level 7 in Stealth
  2122 | D:3      | Slain by an orc priest

Illustrated notes

Levels and vault maps discovered:
D:1:      tarquinn_simple_flora_water_f, layout_basic
D:2:      layout_rooms, serial_forest, infiniplex_forest_straight_4,
          infiniplex_forest_clump_cross, infiniplex_forest_end_1,
          infiniplex_forest_clump_medium, infiniplex_forest_lined_2,
          infiniplex_forest_lined_3, infiniplex_forest_corner_1,
          infiniplex_forest_clump_long, infiniplex_forest_straight_2
D:3:      minmay_angry_zag, layout_basic, mainiacjoe_overflow_alcove_2,
          nicolae_ecumenical_pavilion, corner_web_ring

Skill      XL: |  1  2  3  4 |
---------------+-------------+-----
Stealth        | 6 7 |  7.0
Short Blades   | 3 |  3.7
Fighting       | |  2.3
Throwing       | |  2.5
Dodging        | |  1.6

Action                   |  1- 3 |  4- 6 || total
-------------------------+-------+-------++-------
Melee: Dagger            |    27 |       ||    27
       Short sword       |    30 |    65 ||    95
  Use: Potion            |       |     1 ||     1
 Stab: Sleeping          |    14 |     4 ||    18
Armor: Robe              |     8 |    11 ||    19
Dodge: Dodged            |    22 |    37 ||    59
